 Dungeon Crawl Stone Soup version 0.20.1-1-g8b1a95d66d (webtiles) character file.

680 Popi the Covered (level 7, -2/52 HPs)
             Began as a Human Fighter on Dec 17, 2017.
             Slain by a gnoll (5 damage)
             ... on level 5 of the Dungeon.
             The game lasted 00:09:52 (4612 turns).

Popi the Covered (Human Fighter)                    Turns: 4612, Time: 00:09:53

Health: -2/52      AC: 14    Str: 19    XL:     7   Next: 92%
Magic:  7/8        EV:  7    Int:  8    God:
Gold:   311        SH:  0    Dex: 12    Spells: 6/6 levels left

rFire    . . .     SeeInvis .   y - +4 spear
rCold    . . .     Gourm    .   (no shield)
rNeg     . . .     Faith    .   E - +0 plate armour
rPois    .         Spirit   .   s - +0 helmet
rElec    .         Reflect  .   (no cloak)
rCorr    .         Harm     .   (no gloves)
MR       .....                  (no boots)
Stlth    ..........             (no amulet)
Regen    0.2/turn               (no ring)
MPRegen  0.2/turn               (no ring)

@: lethally poisoned (-2 -> -43)
A: no striking features
a: no special abilities


You were on level 5 of the Dungeon.
You were very hungry.

You visited 1 branch of the dungeon, and saw 5 of its levels.
You also visited: Sewer.

You collected 311 gold pieces.

Inventory:

Hand Weapons
 a - a +0 long sword
 y - a +4 spear (weapon)
 D - a +1 flail of holy wrath
Armour
 b - a +0 scale mail
 c - a +0 shield
 s - a +0 helmet (worn)
 E - a +0 plate armour (worn)
Jewellery
 I - an uncursed ring of stealth {unknown}
Wands
 t - a wand of digging (13/24)
 v - a wand of paralysis (9/24)
Scrolls
 g - 6 scrolls of identify {unknown}
 k - 6 scrolls of remove curse {unknown}
 m - 2 scrolls of fear {unknown}
 n - 3 scrolls of enchant armour {unknown}
 q - 2 scrolls of amnesia {unknown}
 w - 3 scrolls of enchant weapon {unknown}
 A - a scroll of blinking {unknown}
 C - a scroll of fog {unknown}
 F - 5 scrolls of teleportation {unknown}
Potions
 d - 3 potions of might
 e - 2 potions of brilliance
 h - a potion of cancellation
 j - 2 potions of mutation {unknown}
 l - 2 potions of curing
 o - a potion of degeneration {unknown}
 p - 3 potions of heal wounds {unknown}
 r - a potion of lignification {unknown}
 x - a potion of ambrosia {unknown}
 B - 2 potions of berserk rage {unknown}
 G - 2 potions of magic {unknown}
 H - a potion of haste {unknown}
Books
 u - a book of Callings

   Spells                             Type                      Level
   a - Summon Small Mammal            Summoning                    1
   b - Call Imp                       Summoning                    2
   c - Call Canine Familiar           Summoning                    3
   d - Summon Guardian Golem          Hexes/Summoning              3
   e - Summon Lightning Spire         Summoning/Air                4
   f - Summon Ice Beast               Ice/Summoning                4
Comestibles
 f - 4 bread rations
 i - 6 meat rations
 z - a royal jelly


   Skills:
 - Level 3.0 Fighting
 - Level 2.0 Long Blades
 - Level 3.0 Polearms
 - Level 6.1 Armour
 - Level 4.0 Dodging
 + Level 3.5 Shields
 + Level 1.5 Evocations


You had 6 spell levels left.
You didn't know any spells.

Dungeon Overview and Level Annotations

Branches:
Dungeon (5/15)
 Temple: D:4-7

Altars:
Dithmenos
Okawaru
Qazlal
Sif Muna


Message History

Aim: a gnoll sergeant, wielding a spear of venom and wearing a scale mail (almost dead)
You reach to attack!
The gnoll shouts!
You puncture the gnoll sergeant!
You kill the gnoll sergeant!
Your Evocations skill increases to level 1!
* * * LOW HITPOINT WARNING * * *
You feel very sick.
It was a potion of brilliance.
You feel clever all of a sudden.
* * * LOW HITPOINT WARNING * * *
You feel very sick.
It was a potion of cancellation.
Your magical effects are unravelling.
You feel magically purged.
You feel a little less mighty now.
You feel a little less clever now.
* * * LOW HITPOINT WARNING * * *
You feel very sick. The gnoll hits you.
You die...

#..# #..#
#..# #..#
#..# #..#
#.## #.#
#@# #g#
#g#
..g....g#
.######.#
#g# #.#
#.# #..


You could see 4 gnolls.

Vanquished Creatures
  A bullfrog (D:3)
  A gnoll sergeant (D:5)
  A scorpion (D:4)
  A howler monkey (D:4)
  A hound (D:4)
  4 orc wizards (D:4)
  An iguana (D:5)
  2 worker ants (D:4)
  A gnoll (D:5)
  A howler monkey skeleton (D:4)
  9 adders
  2 oozes
  2 adder skeletons (D:4)
  2 worms (D:2)
  A dart slug (D:3)
  4 leopard geckos
  6 orcs
  4 ball pythons
  14 giant cockroaches
  10 goblins
  8 hobgoblins
  17 jackals
  12 kobolds
  3 quokkas
  6 bats
  5 frilled lizards
  A quokka zombie (D:5)
  9 rats
129 creatures vanquished.

Notes
Turn   | Place    | Note
-------+----------+-------------------------------------------
     0 | D:1      | Popi the Human Fighter began the quest for the Orb.
     0 | D:1      | Reached XP level 1. HP: 18/18 MP: 1/1
   170 | D:1      | Reached XP level 2. HP: 19/24 MP: 2/2
   302 | D:1      | Reached skill level 4 in Armour
   302 | D:1      | Reached XP level 3. HP: 22/29 MP: 3/3
   865 | D:2      | Reached XP level 4. HP: 32/35 MP: 4/4
  1298 | D:2      | Reached skill level 5 in Armour
  1400 | D:2      | Found a shadowy altar of Dithmenos.
  1400 | D:2      | Found a stormy altar of Qazlal.
  1693 | D:3      | Reached XP level 5. HP: 38/41 MP: 5/5
  1949 | D:3      | Found an iron altar of Okawaru.
  1980 | D:3      | Noticed a bullfrog
  1993 | D:3      | Killed a bullfrog
  1993 | D:3      | Reached skill level 6 in Armour
  2734 | D:4      | Reached skill level 1 in Polearms
  2734 | D:4      | Reached skill level 1 in Dodging
  2734 | D:4      | Reached XP level 6. HP: 22/47 MP: 6/6
  3169 | D:4      | Found a deep blue altar of Sif Muna.
  3272 | D:4      | Reached XP level 7. HP: 40/52 MP: 7/7
  3865 | D:5      | Entered Level 5 of the Dungeon
  3905 | D:5      | Found a glowing drain.
  3914 | Sewer    | Entered a sewer
  4610 | D:5      | Reached skill level 1 in Evocations
  4612 | D:5      | Slain by a gnoll

Skill      XL: |  1  2  3  4  5  6  7 |
---------------+----------------------+-----
Armour         | 4 5 6 |  6.1
Polearms       | 1 2 3 |  3.0
Dodging        | 1 2 4 |  4.0
Evocations     | 1 |  1.5
Fighting       | |  3.0
Long Blades    | |  2.0
Shields        | |  3.5

Action                   |  1- 3 |  4- 6 |  7- 9 || total
-------------------------+-------+-------+-------++-------
Melee: Long sword        |    99 |   157 |       ||   256
       Spear             |       |    64 |   177 ||   241
  Use: Potion            |       |       |     3 ||     3
  Eat: Chunk             |       |     8 |     4 ||    12
Armor: Scale mail        |    54 |   125 |     6 ||   185
       Plate armour      |       |       |    76 ||    76
Dodge: Dodged            |    49 |   132 |    45 ||   226
       Rpst.: Long sword |    17 |    34 |       ||    51
